 Dungeon Crawl Stone Soup version 0.21.1-1-g345015f (webtiles) character file.

208414 kae the Executioner (level 18, -4/166 HPs)
             Began as a Hill Orc Fighter on June 1, 2018.
             Was the Champion of Makhleb.
             Killed from afar by a hell hog (43 damage)
             ... with a fireball
             ... on level 3 of the Abyss.
             The game lasted 00:46:41 (40108 turns).

kae the Executioner (Hill Orc Fighter)             Turns: 40108, Time: 00:46:42

Health: -4/166     AC: 21    Str: 41    XL:     18   Next: 78%
Magic:  0/29       EV: 14    Int:  8    God:    Makhleb [******]
Gold:   2487       SH:  0    Dex:  7    Spells: 17/17 levels left

rFire    x x .     SeeInvis .   m - +9 battleaxe (freeze)
rCold    + + +     Gourm    .   (shield currently unavailable)
rNeg     . . .     Faith    .   c - +1 chain mail "Foicw" {rF- MR+ Str+8 Dex-3}
rPois    +         Spirit   +   (no helmet)
rElec    .         Reflect  .   Z - +0 cloak of Crawling {rPois rC++ MR+ Dex-2}
rCorr    +         Harm     .   a - +2 pair of gloves
MR       +++++                  (no boots)
Stlth    ..........             X - amulet of guardian spirit
HPRegen  0.37/turn              G - ring of resist corrosion
MPRegen  0.21/turn              r - ring "Plog" {Ice MR++ Str+4 Dex+2}

@: no status effects
A: icy blue scales 1, strong 1
}: 1/15 runes: gossamer
a: Minor Destruction, Lesser Servant of Makhleb, Major Destruction, Greater
Servant of Makhleb, Renounce Religion


You were on level 3 of the Abyss.
You worshipped Makhleb.
Makhleb was exalted by your worship.
You were very hungry.

You visited 5 branches of the dungeon, and saw 31 of its levels.
You visited the Abyss 2 times.
You also visited: Bailey and Ice Cave.

You collected 3993 gold pieces.
You spent 1506 gold pieces at shops.

Inventory:

Hand Weapons
 m - a +9 battleaxe of freezing (weapon)
 Q - the +2 war axe "Lotohoe" {drain, rF+ Str+3}
   (You acquired it in a bailey)

   A truly terrible weapon, it drains the life of those it strikes.
   It affects your strength (+3).
   It protects you from fire.
Armour
 a - a +2 pair of gloves (worn)
 c - the +1 chain mail "Foicw" (worn) {rF- MR+ Str+8 Dex-3}
   (You bought it in a shop on level 2 of the Orcish Mines)

   It affects your strength (+8).
   It affects your dexterity (-3).
   It makes you vulnerable to fire.
   It affects your resistance to hostile enchantments.
 q - the +1 scale mail "Bommeut" {Str+3 Dex-3}
   (You found it on level 4 of the Spider Nest)

   It affects your strength (+3).
   It affects your dexterity (-3).
 Z - the +0 cloak of Crawling (worn) {rPois rC++ MR+ Dex-2}
   (You bought it in a shop on level 2 of the Orcish Mines)

   It affects your dexterity (-2).
   It greatly protects you from cold.
   It protects you from poison.
   It affects your resistance to hostile enchantments.
Jewellery
 r - the ring "Plog" (right hand) {Ice MR++ Str+4 Dex+2}
   (You found it on level 2 of the Shoals)

   [ring of ice]

   It enhances your ice magic.
   It affects your strength (+4).
   It affects your dexterity (+2).
   It makes you vulnerable to fire.
   It protects you from cold.
   It affects your resistance to hostile enchantments.
 v - the amulet "Efeon" {RegenMP rPois Dex+2}
   (You found it on level 2 of the Shoals)

   [amulet of magic regeneration]

   It increases your magic regeneration.
   It affects your dexterity (+2).
   It protects you from poison.
 E - an uncursed ring of protection from cold
 G - a ring of resist corrosion (left hand)
 X - an amulet of guardian spirit (around neck)
Wands
 d - a wand of polymorph (32)
 k - a wand of acid (7)
 l - a wand of iceblast (6)
 p - a wand of disintegration (9)
 u - a wand of digging (45)
 z - a wand of random effects (60)
 H - a wand of clouds (10)
 K - a wand of paralysis (28)
Scrolls
 g - 16 scrolls of remove curse
 h - 6 scrolls of magic mapping
 n - 3 scrolls of fog
 o - 2 scrolls of blinking
 s - a scroll of enchant weapon
 t - 4 scrolls of enchant armour
 w - a scroll of holy word
 F - 3 scrolls of amnesia
 P - 9 scrolls of teleportation
 R - 3 scrolls of identify
 U - a scroll of fear
Potions
 b - a potion of magic
 i - 3 potions of berserk rage
 j - 6 potions of mutation
 x - 2 potions of flight
 A - 6 potions of heal wounds
 B - 2 potions of haste
 C - 3 potions of lignification
 J - 4 potions of agility
 N - 9 potions of ambrosia
 O - a potion of brilliance
 T - 2 potions of cancellation
 V - 9 potions of curing
 W - 2 potions of invisibility
Books
 e - a book of Battle

   Spells                             Type                      Level
   a - Infusion                       Charms                       1
   b - Shroud of Golubria             Charms/Translocation         2
   c - Song of Slaying                Charms                       2
   d - Spectral Weapon                Hexes/Charms                 3
   e - Regeneration                   Charms/Necromancy            3
Comestibles
 f - 48 rations


   Skills:
 + Level 15.8 Fighting
 * Level 23.9 Axes
 + Level 14.6 Armour
 + Level 11.4 Dodging
   Level 3.2 Shields
 + Level 15.8 Invocations


You had 17 spell levels left.
You didn't know any spells.

Dungeon Overview and Level Annotations

Branches:
Dungeon (15/15)            Temple (0/1) D:7            Lair (6/6) D:10
 Shoals (4/4) Lair:4       Spider (4/4) Lair:2        Slime (0/5) Lair:6
    Orc (2/2) D:11            Elf (0/3) Orc:2        Vaults (0/5) D:13
 Depths (0/5) D:15

Altars:
Ashenzari
Cheibriados
Dithmenos
Elyvilon
Fedhas
Gozag
Hepliaklqana
Kikubaaqudgha
Makhleb
Nemelex Xobeh
Qazlal
Sif Muna
Xom
Yredelemnul
Beogh

Shops:
D:14 [   Orc:1 %   Orc:2 *([:   Shoals:1 =   Shoals:3 (   Shoals:4 %!

Portals:
Hell: Lair:6


Innate Abilities, Weirdness & Mutations

You are partially covered in icy blue scales. (AC +2)
Your muscles are strong. (Str +2)


Message History

The fireball engulfs the hell hog.
The hell hog resists.
You slash the hell hog! You freeze the hell hog.
The hell hog is almost dead.
The hell hog bites you but does no damage.
A hell hog comes into view.
You carve the hell hog like the proverbial ham!!!
You freeze the hell hog.
You kill the hell hog!
Makhleb accepts your kill. The hell hog breathes fire at you.
The fireball explodes!
The fireball engulfs you! The fire burns you terribly!
* * * LOW HITPOINT WARNING * * *
The fireball engulfs the hell hog.
The hell hog resists.
You hear an angry squeal.
You see here a hell hog corpse.
You slice the hell hog!! You freeze the hell hog!
The hell hog is severely wounded.
The hell hog breathes fire at you.
The fireball explodes!
The fireball engulfs you! The fire burns you terribly!
You die...

# .#......
.. ##..##
...#. .. #
##..#
#.#.# #
...###...#
# ## #...
# #..## #
##.###.#
#.....#.#
#@##.## #
#h#.#.#
..# ## .
..## #. #.
## .. #


You could see a hell hog.

Vanquished Creatures
  Nikola (Spider:4)
  Rupert (Orc:2)
  The ghost of Vodalian the Severer, an adept MiBe of Trog (Spider:4)
  Kirke (D:15)
  6 emperor scorpions (Spider:4)
  4 ghost moths
  A stone giant (Orc:1)
  4 entropy weavers
  Nessos (Orc:2)
  2 spark wasps
  Azrael (Orc:2)
  Snorg (Lair:3)
  A merfolk javelineer (Shoals:3)
  4 merfolk impalers
  Josephine (Shoals:1)
  An ogre mage (D:15)
  A rakshasa (D:15)
  2 vault guards (D:13)
  3 merfolk avatars
  4 merfolk aquamancers
  A satyr (Shoals:3)
  3 centaur warriors
  4 hydras
  2 hell hogs (Abyss:3)
  7 two-headed ogres
  An orc high priest (Orc:1)
  2 tengu warriors (D:15)
  Urug (Lair:3)
  A sixfirhy (Lair:6)
  2 skeletal warriors (D:12)
  4 unseen horrors
  6 sea snakes
  4 wizards
  A harpy (Shoals:2)
  3 orc knights
  A deep elf mage (D:13)
  26 wolf spiders
  8 ugly things
  16 orb spiders
  4 cyclopes
  A faun (Shoals:1)
  11 manticores
  2 moths of wrath
  8 elephants (Lair:6)
  Maurice (Orc:1)
  A smoke demon (Lair:6)
  2 ice statues (IceCv)
  4 black mambas
  2 merfolk sirens
  5 centaur zombies
  5 water nymphs
  10 spiny frogs
  3 centaur skeletons
  2 torpor snails
  3 orange demons (Lair:6)
  A freezing wraith (D:12)
  6 rime drakes
  10 demonic crawlers
  2 trolls
  3 ice devils (Lair:6)
  9 komodo dragons
  21 merfolk
  48 jumping spiders
  3 wind drakes
  4 blink frogs
  A tengu conjurer (D:15)
  4 slime creatures (D:12)
  3 hornets
  5 dream sheep
  7 snapping turtles
  15 hippogriffs
  10 water elementals
  111 redbacks
  36 tarantellas
  A wyvern (Lair:1)
  5 basilisks
  A shadow (D:13)
  A vampire (D:15)
  21 humans
  5 wraiths
  52 yaks
  4 fire elementals (Orc:2)
  2 hungry ghosts
  5 hogs
  3 vampire mosquitoes (D:12)
  3 wargs
  10 water moccasins
  A soldier ant (D:14)
  Duvessa (D:4)
  7 hell hounds
  10 porcupines
  14 ice beasts
  23 orc warriors
  2 black bears
  2 sky beasts
  A hornet zombie (D:15)
  5 phantoms
  16 ogres
  7 centaurs
  The ghost of kae the Insei, an amateur GnTm (D:3)
  3 wolves (Lair:1)
  9 crocodiles
  16 bullfrogs
  2 gnoll sergeants
  A wyvern skeleton (D:14)
  Dowan (D:4)
  4 scorpions
  12 killer bees
  14 wights
  2 electric eels
  5 howler monkeys
  7 crimson imps
  5 bullfrog zombies
  18 orc priests
  6 hounds
  15 jellies
  21 orc wizards
  Crazy Yiuf (D:6)
  2 bullfrog skeletons
  A gnoll shaman (D:7)
  3 iguanas
  16 worker ants
  2 hound skeletons
  2 hound zombies
  3 worker ant zombies
  18 gnolls
  A howler monkey skeleton (D:7)
  7 adders
  A shadow imp (D:14)
  An ooze (Lair:6)
  2 adder skeletons
  2 adder zombies
  4 worms
  2 dart slugs
  3 leopard geckos
  64 orcs
  3 ball pythons
  10 bats
  3 giant cockroaches
  10 goblins
  6 hobgoblins
  16 jackals
  17 kobolds
  4 quokkas
  5 frilled lizards
  A jackal skeleton (D:4)
  2 quokka skeletons
  A quokka zombie (D:6)
  7 rats
  A spectral orc (D:6)
  3 bushes (Lair:6)
  4 fungi (Lair:6)
  5 plants (Shoals:3)
1074 creatures vanquished.

Vanquished Creatures (collateral kills)
  Agnes (D:15)
  An orc warlord (Orc:2)
  Erolcha (D:11)
  A hydra (Lair:3)
  A death knight (D:15)
  An ogre mage (D:15)
  An orc high priest (Orc:2)
  Nergalle (Orc:2)
  Sonja (Lair:1)
  A skeletal warrior (D:15)
  3 orc knights (Orc:2)
  3 orc sorcerers (Orc:2)
  A mana viper (shapeshifter) (D:15)
  An orb spider (Spider:3)
  3 ugly things
  A cyclops (D:15)
  Joseph (D:11)
  Psyche (D:8)
  A spiny frog (Lair:1)
  2 freezing wraiths (D:15)
  2 komodo dragons (Lair:2)
  A troll (D:15)
  A hippogriff (D:9)
  A wraith (D:15)
  6 yaks
  A basilisk (Lair:1)
  7 orc warriors
  An ice beast (IceCv)
  A necrophage (D:15)
  A crocodile (D:10)
  2 bullfrogs
  A killer bee (D:10)
  3 orc wizards (Orc:2)
  An orc priest (Orc:2)
  8 orcs
  A goblin (Bailey)
  2 kobolds (Bailey)
67 creatures vanquished.

Vanquished Creatures (others)
  A demonic crawler (Spider:3)
  A jumping spider (Spider:4)
  A human (D:15)
  26 fungi
  14 plants
43 creatures vanquished.

Grand Total: 1184 creatures vanquished

Notes
Turn   | Place    | Note
-------+----------+-------------------------------------------
     0 | D:1      | kae the Hill Orc Fighter began the quest for the Orb.
     0 | D:1      | Reached XP level 1. HP: 19/19 MP: 1/1
    50 | D:1      | Reached skill level 3 in Axes
    56 | D:1      | Reached XP level 2. HP: 23/27 MP: 2/2
   316 | D:1      | Reached XP level 3. HP: 20/33 MP: 3/3
  1133 | D:2      | Reached skill level 1 in Dodging
  1194 | D:2      | Reached skill level 4 in Axes
  1194 | D:2      | Reached XP level 4. HP: 36/40 MP: 4/4
  1680 | D:3      | Noticed kae's ghost (amateur GnTm)
  1703 | D:3      | Killed kae's ghost
  1703 | D:3      | Reached skill level 5 in Axes
  1703 | D:3      | Reached XP level 5. HP: 22/47 MP: 5/5
  2234 | D:3      | Reached XP level 6. HP: 44/55 MP: 6/6
  2681 | D:3      | Found a faded altar of an unknown god.
  2800 | D:3      | Found a shattered altar of Ashenzari.
  2800 | D:3      | Found an opulent altar of Gozag.
  3120 | D:4      | Reached skill level 5 in Fighting
  3120 | D:4      | Reached skill level 6 in Axes
  3280 | D:4      | Found a hazy altar of Hepliaklqana.
  3335 | D:4      | Reached XP level 7. HP: 52/61 MP: 7/7
  3492 | D:4      | Reached skill level 5 in Armour
  3502 | D:4      | Reached skill level 7 in Axes
  3597 | D:4      | Found a sparkling altar of Nemelex Xobeh.
  3601 | D:4      | Found a burning altar of Makhleb.
  3606 | D:4      | Found a deep blue altar of Sif Muna.
  3616 | D:4      | Noticed Dowan
  3621 | D:4      | Noticed Duvessa
  3622 | D:4      | Killed Dowan
  3652 | D:4      | Killed Duvessa
  3652 | D:4      | Reached XP level 8. HP: 53/70 MP: 8/8
  3660 | D:4      | Became a worshipper of Makhleb the Destroyer
  3721 | D:4      | Reached skill level 8 in Axes
  3912 | D:5      | Entered Level 5 of the Dungeon
  4448 | D:5      | Found a white marble altar of Elyvilon.
  4770 | D:5      | Found an iron altar of Okawaru.
  4772 | D:5      | Found a deep blue altar of Sif Muna.
  4772 | D:5      | Found a shadowy altar of Dithmenos.
  4807 | D:5      | Found a sparkling altar of Nemelex Xobeh.
  4807 | D:5      | Found a blossoming altar of Fedhas.
  4807 | D:5      | Found a shimmering altar of Xom.
  4878 | D:5      | Reached skill level 1 in Invocations
  5205 | D:5      | Reached skill level 9 in Axes
  5425 | D:6      | Reached * piety under Makhleb
  5721 | D:6      | Reached XP level 9. HP: 78/78 MP: 10/10
  5998 | D:6      | Found a runed door.
  6329 | D:6      | Reached skill level 10 in Axes
  6569 | D:6      | Found a basalt altar of Yredelemnul.
  6800 | D:6      | Noticed Crazy Yiuf
  6805 | D:6      | Killed Crazy Yiuf
  7347 | D:7      | You fall through a shaft for 3 floors!
  7347 | D:10     | Entered Level 10 of the Dungeon
  7453 | D:10     | Gained mutation: Your muscles are strong. (Str +2) [potion of mutation]
  7453 | D:10     | Gained mutation: You are partially covered in icy blue scales. (AC +2) [potion of mutation]
  7468 | D:10     | Reached ** piety under Makhleb
  7476 | D:10     | Reached skill level 11 in Axes
  7478 | D:10     | Reached XP level 10. HP: 41/88 MP: 13/13
  7850 | D:10     | Noticed a two-headed ogre
  7880 | D:10     | Killed a two-headed ogre
  7880 | D:10     | Reached skill level 5 in Invocations
  8147 | D:10     | Reached skill level 5 in Dodging
  8344 | D:10     | Reached skill level 12 in Axes
  8920 | D:9      | Found a snail-covered altar of Cheibriados.
  9324 | D:7      | Found a staircase to the Ecumenical Temple.
  9598 | D:7      | Reached XP level 11. HP: 97/97 MP: 16/16
 10059 | D:8      | Reached *** piety under Makhleb
 10059 | D:8      | Reached skill level 13 in Axes
 10295 | D:8      | Found a blossoming altar of Fedhas.
 10435 | D:8      | Noticed Psyche
 10474 | D:8      | Noticed a two-headed ogre
 10484 | D:8      | Killed a two-headed ogre
 10562 | D:8      | Killed Psyche
 10711 | D:8      | Found a stormy altar of Qazlal.
 11982 | D:9      | Noticed a two-headed ogre
 11993 | D:9      | Killed a two-headed ogre
 12167 | D:10     | Found a staircase to the Lair.
 12346 | D:10     | Reached skill level 10 in Fighting
 12346 | D:10     | Reached skill level 14 in Axes
 12551 | Lair:1   | Entered Level 1 of the Lair of Beasts
 12824 | Lair:1   | Reached XP level 12. HP: 47/106 MP: 18/18
 13289 | Lair:1   | Noticed Sonja
 13301 | Lair:1   | Killed Sonja
 15089 | Lair:2   | Reached skill level 15 in Axes
 15274 | Lair:2   | Reached skill level 17 in Axes
 15274 | Lair:2   | Reached XP level 13. HP: 114/114 MP: 19/19
 15296 | Lair:2   | Found an opulent altar of Gozag.
 15689 | Lair:2   | Found a hole to the Spider Nest.
 16597 | Lair:3   | Reached skill level 10 in Armour
 16601 | Lair:3   | Noticed Snorg
 16605 | Lair:3   | Noticed Urug
 16618 | Lair:3   | Killed Snorg
 16626 | Lair:3   | Killed Urug
 16690 | Lair:3   | Reached skill level 18 in Axes
 17549 | D:11     | Noticed Erolcha
 17573 | D:11     | Killed Erolcha
 17586 | D:11     | Noticed Joseph
 17588 | D:11     | Paralysed by Joseph for 4 turns
 17603 | D:11     | Reached skill level 10 in Invocations
 17611 | D:11     | Killed Joseph
 17835 | D:11     | Found a flagged portal.
 17850 | Bailey   | Entered a bailey
 17851 | Bailey   | Identified 2 scrolls of acquirement
 17852 | Bailey   | Got a faintly glowing war axe
 17858 | Bailey   | Identified the +2 war axe "Lotohoe" {drain, rF+ Str+3} (You acquired it in a bailey)
 17923 | Bailey   | Reached **** piety under Makhleb
 17985 | Bailey   | Found a bloodstained altar of Trog.
 18260 | D:11     | Reached XP level 14. HP: 106/124 MP: 21/21
 18302 | D:11     | Found a staircase to the Orcish Mines.
 19866 | D:12     | Reached skill level 19 in Axes
 21223 | Lair:4   | Reached ***** piety under Makhleb
 21638 | Lair:4   | Found a staircase to the Shoals.
 21942 | Lair:5   | You fall through a shaft!
 21942 | Lair:6   | Entered Level 6 of the Lair of Beasts
 22751 | Lair:6   | Found a staircase to the Slime Pits.
 23552 | Lair:6   | Reached XP level 15. HP: 134/134 MP: 20/23
 24004 | Lair:6   | Found a burning altar of Makhleb.
 24043 | Lair:6   | Reached skill level 20 in Axes
 24460 | Lair:6   | Found a gateway to Hell.
 24850 | Orc:1    | Entered Level 1 of the Orcish Mines
 25014 | Orc:1    | Noticed Maurice
 25047 | Orc:1    | Killed Maurice
 25218 | Orc:2    | Entered Level 2 of the Orcish Mines
 25257 | Orc:2    | Noticed Azrael
 25271 | Orc:2    | Killed Azrael
 25281 | Orc:1    | Found Qikhagu's Food Shoppe.
 25416 | Orc:2    | Found a staircase to the Elven Halls.
 25473 | Orc:2    | Reached ****** piety under Makhleb
 25620 | Orc:2    | Noticed Nessos
 25625 | Orc:2    | Noticed a balrug
 26091 | Orc:2    | Killed Nessos
 26216 | Orc:2    | Noticed Nergalle
 26226 | Orc:2    | Killed Nergalle
 26231 | Orc:2    | Noticed an orc warlord
 26233 | Orc:2    | Found a roughly hewn altar of Beogh.
 26247 | Orc:2    | Killed an orc warlord
 26617 | Orc:2    | Found Nuehusch's Antique Armour Emporium.
 26640 | Orc:2    | Found Xavor's Book Emporium.
 26690 | Orc:2    | Noticed Rupert
 26717 | Orc:2    | Killed Rupert
 26909 | Orc:2    | Found Ehiamof's Antique Weapon Emporium.
 26924 | Orc:2    | Found Tittiad's General Store.
 26990 | Orc:2    | Bought a fine cloak for 332 gold pieces
 26990 | Orc:2    | Bought a slimy chain mail for 332 gold pieces
 27000 | Orc:2    | Identified the cursed +0 cloak of Crawling {rPois rC++ MR+ Dex-2} (You bought it in a shop on level 2 of the Orcish Mines)
 27013 | Orc:2    | Identified the +1 chain mail "Foicw" {rF- MR+ Str+8 Dex-3} (You bought it in a shop on level 2 of the Orcish Mines)
 27013 | Orc:2    | Bought a twisted chain mail for 332 gold pieces
 27013 | Orc:2    | Bought a steaming ring mail for 315 gold pieces
 27023 | Orc:2    | Identified the +2 chain mail "Cipucled" {rC+ Slay+2} (You bought it in a shop on level 2 of the Orcish Mines)
 27036 | Orc:2    | Identified the +1 ring mail "Kecse" {rC+ Dex+3 Slay-3} (You bought it in a shop on level 2 of the Orcish Mines)
 27166 | D:13     | Found the +3 hat of Pondering {ponderous, MR+ MP+10 Int+5}
 27576 | D:13     | Found an ancient bone altar of Kikubaaqudgha.
 27709 | D:13     | Found a gate to the Vaults.
 28160 | D:14     | Found Gofusat's Antique Armour Shoppe.
 28163 | D:14     | Bought a pair of glowing gloves for 195 gold pieces
 28350 | D:14     | Reached XP level 16. HP: 144/144 MP: 25/25
 28365 | D:14     | Found a frozen archway.
 28371 | IceCv    | Entered an ice cave
 28387 | IceCv    | Found a transporter.
 28444 | IceCv    | Reached skill level 21 in Axes
 28872 | D:14     | Found a basalt altar of Yredelemnul.
 29375 | D:15     | Entered Level 15 of the Dungeon
 29612 | D:15     | Noticed Agnes
 29619 | D:15     | Killed Agnes
 29653 | D:15     | Found a staircase to the Depths.
 30056 | D:15     | Noticed Kirke
 30069 | D:15     | Killed Kirke
 30542 | Spider:1 | Entered Level 1 of the Spider Nest
 31275 | Spider:1 | Reached skill level 10 in Dodging
 31921 | Spider:2 | Reached skill level 22 in Axes
 32485 | Spider:3 | Reached XP level 17. HP: 152/152 MP: 19/27
 33431 | Spider:4 | Entered Level 4 of the Spider Nest
 33435 | Spider:4 | Noticed Nikola
 33451 | Spider:4 | Killed Nikola
 33866 | Spider:4 | Noticed Vodalian's ghost (adept MiBe)
 33893 | Spider:4 | Killed Vodalian's ghost
 34304 | Spider:4 | Got an ancient bone amulet
 34366 | Spider:4 | Reached skill level 15 in Fighting
 34471 | Spider:4 | Got a dazzling scale mail
 34482 | Spider:4 | Identified the cursed +1 scale mail "Bommeut" {Str+3 Dex-3} (You found it on level 4 of the Spider Nest)
 34559 | Spider:4 | Reached skill level 23 in Axes
 34585 | Spider:4 | Reached skill level 15 in Invocations
 34855 | Spider:4 | Reached XP level 18. HP: 163/163 MP: 29/29
 35329 | Spider:4 | Identified the amulet "Ruheud" {Inacc Dex+4} (You found it on level 4 of the Spider Nest)
 36261 | Spider:4 | Got a gossamer rune of Zot
 36743 | Shoals:1 | Entered Level 1 of the Shoals
 36987 | Shoals:1 | Noticed Josephine
 36993 | Shoals:1 | Killed Josephine
 37012 | Shoals:1 | Found Odyrav's Jewellery Boutique.
 37058 | Shoals:2 | Found a transporter.
 37587 | Shoals:2 | Found a transporter.
 37591 | Shoals:2 | Got a bound ivory ring
 37605 | Shoals:2 | Got a slimy pewter amulet
 37612 | Shoals:2 | Identified the ring "Plog" {Ice MR++ Str+4 Dex+2} (You found it on level 2 of the Shoals)
 37613 | Shoals:2 | Identified the amulet "Efeon" {RegenMP rPois Dex+2} (You found it on level 2 of the Shoals)
 38260 | Shoals:3 | Found Pixzy's Weapon Boutique.
 38371 | Shoals:4 | Entered Level 4 of the Shoals
 38371 | Shoals:4 | Found Tesiobek's Distillery.
 38371 | Shoals:4 | Found Uxir's Food Shop.
 39687 | Shoals:4 | Found Keafewuh's Book Shoppe.
 39698 | Shoals:4 | Cast into level 3 of the Abyss (merfolk impaler)
 39717 | Shoals:4 | Escaped the Abyss
 40058 | Shoals:4 | Cast into level 3 of the Abyss (merfolk impaler)
 40108 | Abyss:3  | Killed from afar by a hell hog

Skill      XL: |  1  2  3  4  5  6  7  8  9 10 11 12 13 14 15 16 17 18 |
---------------+-------------------------------------------------------+-----
Axes           | 3 4 5 6 7 9 11 12 14 17 18 19 20 22 23 | 23.9
Fighting       | 4 5 6 8 9 10 11 12 13 14 15 | 15.8
Dodging        | 1 2 3 4 5 6 7 8 9 10 11 | 11.4
Armour         | 4 5 6 7 8 9 10 11 12 13 14 | 14.6
Invocations    | 2 4 6 8 9 10 11 12 14 15 | 15.8
Shields        | |  3.2

Action                   |  1- 3 |  4- 6 |  7- 9 | 10-12 | 13-15 | 16-18 || total
-------------------------+-------+-------+-------+-------+-------+-------++-------
Melee: War axe           |   141 |   204 |   319 |   519 |  1155 |   729 ||  3067
       Battleaxe         |       |       |       |       |       |   610 ||   610
Invok: Minor Destruction |       |       |       |    26 |    53 |       ||    79
       Lesser Servant of |       |       |       |    19 |     9 |     9 ||    37
       Greater Servant o |       |       |       |       |     3 |     3 ||     6
Evoke: Wand              |       |       |       |       |     7 |       ||     7
  Use: Scroll            |       |     6 |     5 |    10 |     9 |    23 ||    53
       Potion            |       |       |     9 |     2 |     7 |     1 ||    19
 Stab: Distracted        |       |       |       |     5 |     5 |     1 ||    11
  Eat: Chunk             |     1 |     7 |    14 |    22 |    30 |    19 ||    93
       Ration            |       |       |       |     1 |     3 |     6 ||    10
Armor: Scale mail        |    94 |    99 |    97 |   153 |   296 |       ||   739
       Skin              |       |       |       |       |    17 |       ||    17
       Chain mail        |       |       |       |       |    70 |   886 ||   956
Dodge: Dodged            |    74 |    70 |   164 |   213 |   559 |   775 ||  1855
Block: Shield            |    98 |   104 |    43 |       |       |       ||   245
       Buckler           |       |       |    91 |   137 |   357 |   209 ||   794
